 Dungeon Crawl Stone Soup version 0.30-a0-134-gb40fab5c76 (webtiles) character file.

Game seed: 4931293570362536827

32 IdlyInterested the Twirler (level 3, -1/26 HPs)
             Began as a Demonspawn Wanderer on Sept 19, 2022.
             Slain by a worm (8 damage)
             ... on level 2 of the Dungeon.
             The game lasted 00:03:57 (1637 turns).

IdlyInterested the Twirler (Demonspawn Wanderer)    Turns: 1637, Time: 00:03:58

Health: -1/26      AC:  7    Str: 15    XL:     3   Next: 10%
Magic:  4/4        EV:  9    Int: 13    God:
Gold:   31         SH:  0    Dex: 11    Spells: 4/4 levels left

rFire   . . .      SeeInvis .    a - +0 quarterstaff (vorpal)
rCold   . . .      Faith    .    (shield currently unavailable)
rNeg    . . .      Spirit   .    b - +0 scale mail
rPois   .          Reflect  .    (no helmet)
rElec   .          Harm     .    (no cloak)
rCorr   .          Rampage  .    (no gloves)
Will    .....                    l - +0 pair of boots
Stlth   ..........               (no amulet)
HPRegen 0.08/turn                (no ring)
MPRegen 0.09/turn                (no ring)

@: no status effects
A: claws 1
a: no special abilities


You were on level 2 of the Dungeon.
You visited 1 branch of the dungeon, and saw 2 of its levels.

You collected 73 gold pieces.
You spent 42 gold pieces at shops.

Inventory:

Hand Weapons
 a - a +0 vorpal quarterstaff (weapon)
 d - a +0 whip
 k - a +0 glaive
 o - a +0 spear
Missiles
 j - 3 poisoned darts (quivered)
Armour
 b - a +0 scale mail (worn)
 h - a +0 ring mail
 i - a +0 leather armour
 l - a +0 pair of boots (worn)
Scrolls
 f - a scroll of magic mapping {unknown}
 g - a scroll of acquirement {unknown}
 p - a scroll of torment {unknown}
 q - a scroll of enchant weapon {unknown}
Potions
 c - a potion of curing
 e - a potion of might {unknown}
 m - 2 potions of heal wounds {unknown}
 n - 2 potions of lignification {unknown}


   Skills:
 + Level 1.1 Fighting
 * Level 3.3 Staves
 - Level 1.0 Throwing
 - Level 1.0 Armour
 - Level 1.0 Dodging
 - Level 1.0 Stealth
 - Level 1.0 Spellcasting
 + Level 1.8 Transmutations
 - Level 1.0 Evocations


You had 4 spell levels left.
You didn't know any spells.
Your spell library contained the following spells:

 Spells                   Type           Power      Damage    Failure   Level
 Wereblood                Tmut           5%         N/A       63%         2
 Passwall                 Tmut/Erth      2%         N/A       75%         2


Dungeon Overview and Level Annotations

Branches:
Dungeon (2/15)

Altars:

Shops:
D:1 *


Innate Abilities, Weirdness & Mutations

You have sharp fingernails.


Message History

There is a stone staircase leading down here.
There is an entrance to Vicet's Assorted Antiques here.
p - a scroll labelled QYTICA BAFFUTZ;
q - a scroll labelled NEIHASU VERO Thank you for shopping at Vicet's Assorted Antiques!
You can access your shopping list by pressing '$'.
There is a stone staircase leading down here.
You climb downwards.
Found ice dragon scales, 2 bubbling green potions and 5 stones.
There is a stone staircase leading up here.
The worm bites you!
You hit the worm but do no damage. You hit the worm.
The worm is moderately wounded.
The worm barely misses you.
You hit the worm.
The worm is heavily wounded.
The worm bites you.
You barely miss the worm.
The worm is heavily wounded.
You barely miss the worm.
The worm is heavily wounded.
The worm bites you.
You hit the worm.
The worm is heavily wounded.
The worm bites you but does no damage.
You hit the worm.
The worm is heavily wounded.
You hit the worm.
The worm is severely wounded.
The worm barely misses you.
You barely miss the worm.
The worm is severely wounded.
The worm bites you.
* * * LOW HITPOINT WARNING * * *
You barely miss the worm.
The worm is severely wounded.
You hit the worm.
The worm is almost dead.
The worm bites you!
You die...

..#######.
..........
.(.......# #
.......#### .#
....... .###..#
#....##...!...
#.#.........#
#.<..@w..#
#.....[...#
#...........#
.............##
#..............
##..!.......###
##...........
#...........


You could see a worm.

Vanquished Creatures
  3 endoplasms (D:1)
  2 goblins (D:1)
  9 jackals (D:1)
  4 kobolds (D:1)
  3 quokkas
  3 ball pythons (D:1)
  A bat (D:1)
  A rat (D:1)
26 creatures vanquished.

Notes
Turn   | Place    | Note
-------+----------+-------------------------------------------
     0 | D:1      | IdlyInterested the Demonspawn Wanderer began the quest for
                  | the Orb.
     0 | D:1      | IdlyInterested set off with the following items: a +0
                  | vorpal quarterstaff, a +0 scale mail, a potion of curing;
                  | and the following spells available to memorise: Wereblood,
                  | Passwall.
     0 | D:1      | Reached XP level 1. HP: 13/13 MP: 2/2
   286 | D:1      | Reached skill level 3 in Staves
   507 | D:1      | Found Vicet's Assorted Antiques.
   547 | D:1      | Gained mutation: You have sharp fingernails. [demonic
                  | ancestry]
   547 | D:1      | Reached XP level 2. HP: 15/20 MP: 3/3
  1022 | D:1      | Reached skill level 1 in Fighting
  1198 | D:1      | Reached skill level 1 in Throwing
  1280 | D:1      | Reached XP level 3. HP: 25/26 MP: 4/4
  1619 | D:1      | Bought a scroll labelled QYTICA BAFFUTZ for 21 gold pieces
  1619 | D:1      | Bought a scroll labelled NEIHASU VERO for 21 gold pieces
  1637 | D:2      | Slain by a worm

Illustrated notes

Levels and vault maps discovered:
D:1:      dpeg_arrival_court, layout_loops_cross, serial_shops, shop
D:2:      layout_rooms, minmay_misc_feat_alley, uniq_natasha

Skill      XL: |  1  2 |
---------------+-------+-----
Staves         | 3 |  3.3
Fighting       | 1 |  1.1
Throwing       | 1 |  1.0
Armour         | |  1.0
Dodging        | |  1.0
Stealth        | |  1.0
Spellcasting   | |  1.0
Transmutations | |  1.8
Evocations     | |  1.0

Action                   || total
-------------------------++-------
Melee: Quarterstaff      ||    86
Armor: Scale mail        ||    37
Dodge: Dodged            ||    37

Table legend: (Time is in decaauts)
 A = Elapsed time spent in this place.
 B = Non-inter-level travel time spent in this place.
 C = Inter-level travel time spent in this place.
 D = Time resting spent in this place.
 E = Time spent auto-exploring this place.
 F = Levels seen in this place.
 G = Mean time per level.
                   A        B        C        D        E       F      G
               +--------+--------+--------+--------+--------+-----+--------+
         Total |   1649 |   1480 |    169 |    540 |    661 |   2 |  824.5 |
       Dungeon |   1649 |   1480 |    169 |    540 |    661 |   2 |  824.5 |
               +--------+--------+--------+--------+--------+-----+--------+

Top non-repeatable levels by time:
     D:1: 1624 daAuts
     D:2: 25 daAuts
